[Event "Titled Tuesday Blitz June 21 Late 2022"]
[White "Koziorowicz, Michal"]
[Black "Do Valle Cardoso, Lucas"]
[WhiteFideId "21809194"]
[BlackFideId "2163144"]
[WhiteElo "2202"]
[BlackElo "2277"]
[Result "1-0"]
[Round "01"]
[TimeControl "180+1"]
[Date "2022.06.22"]
[WhiteClock "0:01:07"]
[BlackClock "0:00:02"]

1. Nc3 Nf6 2. e4 e5 3. f4 d5 4. exd5 exf4 5. Nf3 Bd6 6. d4 O-O 7. Be2 Nbd7 8. O-O Nb6 9. Ne5 Nbxd5 10. Nxd5 Nxd5 11. Bxf4 Nxf4 12. Rxf4 Bxe5 13. dxe5 Qxd1+ 14. Rxd1 Be6 15. Bc4 Rad8 16. Rdf1 Bxc4 17. Rxc4 c6 18. Rb4 b6 19. Ra4 Rd7 20. Rf3 Re8 21. Rd3 Rde7 22. h3 h6 23. Rd6 c5 24. Kh2 Rc7 25. Rd5 Kf8 26. Ra3 Ke7 27. Rad3 Rec8 28. c4 Rb8 29. Kg3 Rbb7 30. Kf4 Rd7 31. Ke4 Ke6 32. Rxd7 Rxd7 33. Rxd7 Kxd7 34. Kd5 h5 35. h4 f6 36. e6+ Ke7 37. a4 g5 38. a5 gxh4 39. a6 f5 40. Ke5 f4 41. Kxf4 Kxe6 42. Kg5 Ke5 43. Kxh4 1-0


[Site "https://www.chess.com"]

[Event "Titled Tuesday Blitz June 21 Late 2022"]
[White "Kravtsiv, Martyn"]
[Black "Pesotskiy, Mikhail"]
[WhiteFideId "14113147"]
[BlackFideId "34164453"]
[WhiteElo "2831"]
[BlackElo "2473"]
[Result "1-0"]
[Round "01"]
[TimeControl "180+1"]
[Date "2022.06.22"]
[WhiteClock "0:00:18"]
[BlackClock "0:00:03"]

1. e4 e6 2. d3 c5 3. g3 Nc6 4. Bg2 g6 5. f4 Bg7 6. Nf3 d6 7. O-O Nge7 8. c3 O-O 9. Be3 b5 10. Nbd2 b4 11. Qc2 a5 12. Kh1 Ba6 13. c4 Nd4 14. Nxd4 cxd4 15. Bg1 d5 16. f5 gxf5 17. exd5 exd5 18. b3 Rc8 19. Rae1 dxc4 20. bxc4 Qd7 21. Nf3 Ng6 22. Qf2 Bb7 23. h4 f4 24. h5 Qg4 25. hxg6 fxg3 26. gxh7+ Kh8 27. Qe2 Rce8 28. Qxe8 Bxf3 29. Qxf8+ Bxf8 30. Bxd4+ Qxd4 31. Rxf3 Bc5 32. Bh3 Kxh7 33. Rxg3 Qh4 34. Kg2 Bd6 35. Bf5+ 1-0


[Site "https://www.chess.com"]

[Event "Titled Tuesday Blitz June 21 Late 2022"]
[White "Krishnan, Varun"]
[Black "Lopez Perdomo, Juan David"]
[WhiteFideId "5054508"]
[BlackFideId "4405137"]
[WhiteElo "2576"]
[BlackElo "1997"]
[Result "1-0"]
[Round "01"]
[TimeControl "180+1"]
[Date "2022.06.22"]
[WhiteClock "0:00:18"]
[BlackClock "0:00:52"]

1. d4 c5 2. d5 e6 3. c4 exd5 4. cxd5 d6 5. Nc3 Nf6 6. e4 g6 7. Nf3 Bg7 8. h3 O-O 9. Bf4 b5 10. Bxb5 Nxe4 11. Nxe4 Qa5+ 12. Qd2 Qxb5 13. Nxd6 Qa6 14. Nxc8 Re8+ 15. Be3 Rxc8 16. Qe2 Qb7 17. O-O-O Na6 18. d6 Nb4 19. Qc4 Nd3+ 20. Rxd3 Qxb2+ 21. Kd1 Qb1+ 22. Bc1 Bb2 23. Rb3 Rab8 24. Ne5 Rxb3 25. Qxf7+ Kh8 26. Qf6+ Kg8 27. Qe6+ Kg7 28. Qd7+ Kf6 29. Qe7+ Kf5 30. g4+ Ke4 31. Re1+ Kd5 32. Qf7+ Kxd6 33. Qd7# 1-0


[Site "https://www.chess.com"]

[Event "Titled Tuesday Blitz June 21 Late 2022"]
[White "Ladan, Nicholas"]
[Black "Deac, Bogdan-Daniel"]
[WhiteFideId "30918855"]
[BlackFideId "1226380"]
[WhiteElo "2167"]
[BlackElo "2648"]
[Result "0-1"]
[Round "01"]
[TimeControl "180+1"]
[Date "2022.06.21"]
[WhiteClock "0:00:35"]
[BlackClock "0:00:26"]

1. d4 Nf6 2. c4 g6 3. Nf3 Bg7 4. g3 c5 5. d5 e6 6. Bg2 exd5 7. cxd5 d6 8. Nc3 O-O 9. O-O Re8 10. Re1 a6 11. a4 Nbd7 12. Bf4 Nh5 13. Bxd6 Qb6 14. Bf4 Nxf4 15. gxf4 Qxb2 16. Na2 Qxa1 17. Qxa1 Bxa1 18. Rxa1 Rxe2 19. Nc3 Re8 20. d6 Nf6 21. Ne5 Rd8 22. Rd1 Rb8 23. a5 b5 24. Nc6 Bg4 25. Rd2 b4 26. Na4 c4 27. Nb6 c3 28. Rc2 Rxd6 29. Nxb8 Rd1+ 30. Bf1 Bh3 31. Rc1 Rxc1 0-1


[Site "https://www.chess.com"]

[Event "Titled Tuesday Blitz June 21 Late 2022"]
[White "Lashkin, Jegor"]
[Black "Reprintsev, Alexander"]
[WhiteFideId "13907808"]
[BlackFideId "14100541"]
[WhiteElo "2368"]
[BlackElo "2108"]
[Result "1-0"]
[Round "01"]
[TimeControl "180+1"]
[Date "2022.06.21"]
[WhiteClock "0:00:03"]
[BlackClock "0:00:01"]

1. Nf3 d5 2. e3 g6 3. d4 Bg7 4. b3 Nh6 5. Bb2 O-O 6. Be2 Nd7 7. c4 c6 8. O-O Re8 9. Nc3 dxc4 10. bxc4 e5 11. Ne4 exd4 12. Nd6 dxe3 13. Bxg7 exf2+ 14. Rxf2 Kxg7 15. Nxe8+ Qxe8 16. Qd4+ f6 17. Bd3 c5 18. Qf4 g5 19. Nxg5 Qe5 20. Ne6+ Qxe6 21. Qg3+ Qg4 22. Qd6 Nf7 23. Qe7 Qd4 24. Rd1 Qd6 25. Qe1 Nde5 26. Bxh7 Qe7 27. Be4 Be6 28. Bd5 Bxd5 29. cxd5 Rd8 30. Qc3 b6 31. Qg3+ Ng6 32. Rdf1 Qe5 33. Rxf6 Qxf6 34. Rxf6 Kxf6 35. Qc3+ Ke7 36. Qe1+ Nge5 37. Qe4 c4 38. Qd4 Rc8 39. Qc3 Kd6 40. h4 Kxd5 41. h5 Nd6 42. Qd2+ Ke6 43. Qc3 Ne4 44. Qh3+ Kd5 45. Qxc8 c3 46. h6 Nc4 47. Qd7+ Ncd6 48. Qa4 Nc4 49. h7 1-0


[Site "https://www.chess.com"]

[Event "Titled Tuesday Blitz June 21 Late 2022"]
[White "Le, Tuan Minh"]
[Black "Cremisi, Daniel"]
[WhiteFideId "12401153"]
[BlackFideId "2089882"]
[WhiteElo "2530"]
[BlackElo "2172"]
[Result "1-0"]
[Round "01"]
[TimeControl "180+1"]
[Date "2022.06.21"]
[WhiteClock "0:00:32"]
[BlackClock "0:00:07"]

1. d4 d5 2. Nf3 Nf6 3. Bf4 e6 4. e3 Bd6 5. Bg3 O-O 6. c4 c6 7. Nc3 Qe7 8. Bd3 Nbd7 9. Ne5 dxc4 10. Nxc4 Bxg3 11. hxg3 h6 12. g4 Nd5 13. Rc1 e5 14. Nxd5 cxd5 15. Nxe5 Nxe5 16. dxe5 Qxe5 17. b3 Be6 18. Rh5 Qd6 19. g5 Qb4+ 20. Qd2 Qg4 21. Be2 Qxg2 22. gxh6 g6 23. Rh4 Rac8 24. Rxc8 Bxc8 25. Qd4 f6 26. h7+ Kh8 27. Qc5 Re8 28. Qd6 Qg5 29. Rf4 Qe5 30. Qxf6+ Qxf6 31. Rxf6 Kxh7 32. Bd3 Re6 33. Rf8 Bd7 34. Rf7+ 1-0


[Site "https://www.chess.com"]

[Event "Titled Tuesday Blitz June 21 Late 2022"]
[White "Leiva, Gianmarco"]
[Black "Boder, Jan"]
[WhiteFideId "3804399"]
[BlackFideId "16243226"]
[WhiteElo "2742"]
[BlackElo "2431"]
[Result "1-0"]
[Round "01"]
[TimeControl "180+1"]
[Date "2022.06.22"]
[WhiteClock "0:00:07"]
[BlackClock "0:00:05"]

1. e4 e5 2. Nf3 Nc6 3. Bc4 Nf6 4. d3 Bc5 5. O-O O-O 6. c3 a6 7. Re1 Ba7 8. Nbd2 d6 9. Bb3 Re8 10. h3 Be6 11. Bc2 h6 12. Nf1 d5 13. exd5 Bxd5 14. Ng3 Qd7 15. Nh4 Rad8 16. Nhf5 Be6 17. Qf3 Bc5 18. Nxh6+ Kf8 19. Bg5 Bd5 20. Ne4 Be7 21. Bxf6 Bxf6 22. Nxf6 Bxf3 23. Nxd7+ Rxd7 24. Nf5 Bd5 25. Ng3 g6 26. Ne4 Bxe4 27. dxe4 f6 28. Rad1 Red8 29. Rxd7 Rxd7 30. Rd1 Rd6 31. Rxd6 cxd6 32. Bb3 Ke7 33. Bd5 Nd8 34. h4 b6 35. Kh2 Kf8 36. g4 Kg7 37. Kg3 a5 38. a4 Kf8 39. Kf3 Kg7 40. Ke3 Kf8 41. Kd3 Ke7 42. Kc4 f5 43. exf5 gxf5 44. g5 Kf8 45. h5 Kg7 46. Kb5 e4 47. Kc4 Nf7 48. Bxf7 Kxf7 49. Kd4 Ke6 50. h6 Kf7 51. c4 Kg6 52. Ke3 Kf7 53. f3 Kg6 54. fxe4 fxe4 55. Kxe4 Kxg5 56. h7 Kg6 57. h8=Q d5+ 58. cxd5 Kf7 59. Qh6 Ke7 60. Ke5 b5 61. Qg7+ Kd8 62. Kd6 Kc8 63. Qc7# 1-0


[Site "https://www.chess.com"]

[Event "Titled Tuesday Blitz June 21 Late 2022"]
[White "Levine, Joseph"]
[Black "Muradov, Soltan"]
[WhiteFideId "30940346"]
[BlackFideId "14002108"]
[WhiteElo "1802"]
[BlackElo "1854"]
[Result "1-0"]
[Round "01"]
[TimeControl "180+1"]
[Date "2022.06.22"]
[WhiteClock "0:00:02"]
[BlackClock "0:00:30"]

1. e4 c5 2. Nf3 Nc6 3. d4 cxd4 4. Nxd4 Qb6 5. Nb3 Nf6 6. Be3 Qc7 7. Nc3 e6 8. Be2 Bb4 9. f3 d5 10. O-O O-O 11. exd5 Bxc3 12. dxc6 Bxb2 13. Rb1 Ba3 14. cxb7 Bxb7 15. c4 Rfd8 16. Qe1 a5 17. Qf2 Qe7 18. Nc5 Bc6 19. Rb6 Rac8 20. Rfb1 h6 21. Nd3 Ba8 22. Ne5 Bc5 23. Bxc5 Rxc5 24. R6b5 Rcc8 25. Rxa5 Qc7 26. Rab5 Ne8 27. f4 Nd6 28. R5b3 Ne4 29. Qb6 Qe7 30. Re3 Nd2 31. Rd1 Qh4 32. g3 Qh3 33. Bf1 Nxf1 34. Rxd8+ Kh7 35. Qb1+ g6 36. Qxf1 1-0


[Site "https://www.chess.com"]

[Event "Titled Tuesday Blitz June 21 Late 2022"]
[White "Luo, Terry"]
[Black "Grischuk, Alexander"]
[WhiteFideId "30931045"]
[BlackFideId "4126025"]
[WhiteElo "2024"]
[BlackElo "2762"]
[Result "0-1"]
[Round "01"]
[TimeControl "180+1"]
[Date "2022.06.21"]
[WhiteClock "0:00:52"]
[BlackClock "0:00:06"]

1. d4 Nf6 2. c4 e6 3. g3 d5 4. Bg2 dxc4 5. Nf3 a6 6. O-O Nc6 7. e3 Rb8 8. Nfd2 e5 9. Bxc6+ bxc6 10. dxe5 Ng4 11. Nxc4 Be6 12. b3 Bxc4 13. bxc4 Nxe5 14. Qxd8+ Rxd8 15. Nd2 Bb4 16. Bb2 Rxd2 17. Bxe5 f6 18. Bxc7 Kd7 19. Bb6 Ke6 20. a3 Be7 21. Rfd1 Rc2 22. Rdc1 Rd2 23. Rd1 Rc2 24. Rdc1 Rb2 25. Bd4 Rb3 26. Rcb1 Rhb8 27. Rxb3 Rxb3 28. a4 c5 29. Rd1 cxd4 30. exd4 Rc3 31. d5+ Kd6 32. Re1 Rxc4 33. Re6+ Kd7 34. Rxa6 Bc5 35. Rc6 Rc1+ 36. Kg2 Ba3 37. Ra6 Rc2 38. Kh3 Bd6 39. f4 Rc5 40. Ra7+ Bc7 41. a5 Rxa5 42. Rb7 Rxd5 43. Kg4 Rc5 44. Rb3 Ke6 45. Re3+ Kf7 46. Rd3 Ke7 47. Re3+ Kd7 48. Rd3+ Bd6 49. h4 h5+ 50. Kh3 Ke6 51. Re3+ Kf5 52. Rd3 Bc7 53. Re3 Ba5 54. Re7 g6 55. Ra7 Bd2 56. Rd7 Bxf4 57. gxf4 Rc3+ 58. Kg2 Kxf4 59. Rd4+ Kf5 60. Ra4 Re3 61. Ra5+ Re5 62. Ra6 Re6 63. Ra5+ Kf4 64. Ra4+ Re4 65. Ra6 Kf5 66. Kg3 g5 67. Ra5+ Kg6 68. hxg5 fxg5 69. Ra6+ Kf5 70. Ra5+ Re5 71. Ra8 Re3+ 72. Kf2 Rd3 73. Ra5+ Kf4 74. Ra4+ Ke5 75. Ra5+ Rd5 76. Ra8 Kf4 77. Ra4+ Kf5 78. Ra8 h4 79. Kf3 Rd3+ 80. Ke2 Rc3 81. Kf2 Kg4 82. Ra4+ Kh5 83. Kg2 h3+ 84. Kh2 g4 85. Ra8 Rc2+ 86. Kg1 g3 87. Ra5+ Kg4 88. Ra4+ Kf5 89. Ra5+ Ke4 90. Ra4+ Kd3 91. Ra3+ Rc3 92. Rxc3+ Kxc3 0-1


[Site "https://www.chess.com"]

[Event "Titled Tuesday Blitz June 21 Late 2022"]
[White "Makarian, Rudik"]
[Black "Djabri,Massinas"]
[WhiteFideId "44105681"]
[BlackFideId "7905726"]
[WhiteElo "2795"]
[BlackElo "2452"]
[Result "1-0"]
[Round "01"]
[TimeControl "180+1"]
[Date "2022.06.22"]
[WhiteClock "0:02:18"]
[BlackClock "0:02:13"]

1. d3 d5 2. f4 Nf6 3. Nf3 c5 4. g3 g6 5. Bg2 Bg7 6. O-O O-O 7. Ne5 Nc6 8. Nxc6 bxc6 9. c4 Rb8 10. Nc3 d4 11. Na4 Ng4 12. b3 Ne3 13. Bxe3 dxe3 14. Nxc5 Qd4 15. Ne4 Qxa1 16. Qxa1 Bxa1 17. Rxa1 a5 18. Nc3 Bd7 19. Rb1 c5 20. Nd1 a4 21. Nxe3 axb3 22. axb3 e6 23. Nf1 Rb4 24. Nd2 Rfb8 25. Ne4 Rxb3 26. Rxb3 Rxb3 27. Nf6+ Kg7 28. Nxd7 1-0


[Site "https://www.chess.com"]

[Event "Titled Tuesday Blitz June 21 Late 2022"]
[White "Mangialardo, Tiago Carvalho"]
[Black "Martin Carmona, Gaston Manuel"]
[WhiteFideId "2130718"]
[BlackFideId "22284567"]
[WhiteElo "2097"]
[BlackElo "2162"]
[Result "0-1"]
[Round "01"]
[TimeControl "180+1"]
[Date "2022.06.22"]
[WhiteClock "0:00:03"]
[BlackClock "0:01:09"]

1. e4 c5 2. Nf3 d6 3. d4 cxd4 4. Nxd4 Nf6 5. Nc3 g6 6. Be3 Bg7 7. Be2 Nc6 8. Qd2 O-O 9. f3 Nxd4 10. Bxd4 Be6 11. g4 Qa5 12. g5 Nd7 13. Bxg7 Kxg7 14. h4 Rfc8 15. h5 Qc5 16. f4 Bc4 17. O-O-O Bxe2 18. Qxe2 Qa5 19. Qh2 Nf8 20. hxg6 fxg6 21. Rd5 Qb6 22. f5 Qe3+ 23. Kb1 Rxc3 24. bxc3 Qxe4 25. f6+ exf6 26. gxf6+ Kxf6 27. Qxd6+ Kg7 28. Qc7+ Kg8 29. Rhd1 Re8 30. Rd7 Ne6 31. Qxb7 Qe5 32. Rxh7 Nc5 33. Rg7+ Qxg7 34. Qd5+ Ne6 35. Qc5 Nxc5 0-1


[Site "https://www.chess.com"]

[Event "Titled Tuesday Blitz June 21 Late 2022"]
[White "Manukyan, Sargis A."]
[Black "Kovacevic, Radmila"]
[WhiteFideId "13303970"]
[BlackFideId "933171"]
[WhiteElo "2187"]
[BlackElo "2115"]
[Result "1-0"]
[Round "01"]
[TimeControl "180+1"]
[Date "2022.06.22"]
[WhiteClock "0:00:18"]
[BlackClock "0:00:06"]

1. d4 e5 2. dxe5 Nc6 3. Nf3 Qe7 4. Nc3 Nxe5 5. Nd5 Nxf3+ 6. gxf3 Qd8 7. Bf4 d6 8. e4 Be6 9. Bc4 c6 10. Ne3 Qa5+ 11. c3 O-O-O 12. b4 Qa3 13. Qb3 Qxb3 14. axb3 a6 15. O-O-O Be7 16. Rhg1 g6 17. Kc2 h5 18. Rd2 Nf6 19. Rgd1 Ne8 20. Rg1 Rg8 21. Bxe6+ fxe6 22. Nc4 b5 23. Na5 Kc7 24. e5 d5 25. Be3 g5 26. f4 g4 27. f3 Ng7 28. fxg4 hxg4 29. Rxg4 Nf5 30. Rxg8 Rxg8 31. Kd3 Rh8 32. Bc5 Rh3+ 33. Kc2 Bd8 34. Kb2 Rh4 35. Rf2 Rg4 36. Bd4 Bh4 37. h3 Rg1 38. Rh2 Rf1 39. Rg2 Rxf4 40. Rg4 Rxg4 41. hxg4 Nxd4 42. cxd4 Bf2 43. Kc3 Be1+ 44. Kd3 Bxb4 45. g5 Bxa5 46. g6 Kd7 47. g7 c5 48. dxc5 Bc7 49. g8=Q Bxe5 50. b4 a5 51. bxa5 b4 52. a6 b3 53. a7 b2 54. Qf7+ Kc6 55. a8=Q+ Kxc5 56. Qaa7+ Kb4 57. Qfb7# 1-0


[Site "https://www.chess.com"]

[Event "Titled Tuesday Blitz June 21 Late 2022"]
[White "Marin Masis, Jose Esteban"]
[Black "Papp, Levente"]
[WhiteFideId "6508146"]
[BlackFideId "751243"]
[WhiteElo "1710"]
[BlackElo "2308"]
[Result "0-1"]
[Round "01"]
[TimeControl "180+1"]
[Date "2022.06.22"]
[WhiteClock "0:00:11"]
[BlackClock "0:01:18"]

1. e4 e6 2. d4 d5 3. Nc3 Bb4 4. e5 Ne7 5. a3 Bxc3+ 6. bxc3 b6 7. Qg4 Ng6 8. Nf3 Ba6 9. Bd3 Bxd3 10. cxd3 c5 11. Bg5 Qd7 12. O-O Qa4 13. c4 Nc6 14. cxd5 Nxd4 15. Nxd4 Qxd4 16. Qxd4 cxd4 17. dxe6 fxe6 18. Rfe1 h6 19. Bd2 Kf7 20. Rac1 Rac8 21. f4 Ne7 22. Rxc8 Rxc8 23. Rc1 Rxc1+ 24. Bxc1 h5 25. Kf2 Kg6 26. Kf3 Kf5 27. h3 h4 28. Bd2 Nd5 29. Bc1 b5 30. Bd2 a6 31. Be1 Nxf4 32. g4+ hxg3 33. Bxg3 Nxd3 0-1


[Site "https://www.chess.com"]

[Event "Titled Tuesday Blitz June 21 Late 2022"]
[White "Martinez Alcantara, Jose Eduardo"]
[Black "Taboas Rodriguez, Daniel"]
[WhiteFideId "3805662"]
[BlackFideId "2208466"]
[WhiteElo "2703"]
[BlackElo "2429"]
[Result "1-0"]
[Round "01"]
[TimeControl "180+1"]
[Date "2022.06.21"]
[WhiteClock "0:00:24"]
[BlackClock "0:00:05"]

1. e4 e6 2. d4 d5 3. Nc3 Nc6 4. Nf3 Nf6 5. e5 Ne4 6. Bd3 Bb4 7. Bd2 Nxd2 8. Qxd2 Be7 9. Ne2 Nb4 10. O-O O-O 11. Ng3 Nxd3 12. cxd3 b6 13. Qf4 c5 14. Nh5 Ba6 15. Rfd1 Rc8 16. Qg4 g6 17. Nf4 cxd4 18. Nxd4 Kh8 19. Rac1 Qd7 20. b3 Rxc1 21. Rxc1 Rc8 22. Rd1 Qd8 23. g3 Ba3 24. h4 Rc1 25. Rxc1 Bxc1 26. Qf3 Kg8 27. Nfe2 Bb2 28. Qe3 h5 29. Kg2 Bb7 30. f3 Qe7 31. Qd2 Ba3 32. Qf4 Bc5 33. Qe3 a5 34. a4 Ba6 35. Kh3 Kh7 36. g4 hxg4+ 37. fxg4 Qf8 38. Qg3 Qh6 39. g5 Qh5 40. Qf4 Kg8 41. Qd2 Qh8 42. Nf3 Qh5 43. Kg3 d4 44. Nf4 Qh8 45. Qe2 Bb7 46. Nh2 Qg7 47. Ng4 Qf8 48. Nf6+ Kh8 49. h5 Kg7 50. hxg6 fxg6 51. Nxe6+ 1-0


[Site "https://www.chess.com"]

[Event "Titled Tuesday Blitz June 21 Late 2022"]
[White "Martinez Reyes, Pedro Ramon"]
[Black "Fedoseev, Vladimir"]
[WhiteFideId "3901807"]
[BlackFideId "24130737"]
[WhiteElo "2410"]
[BlackElo "2726"]
[Result "0-1"]
[Round "01"]
[TimeControl "180+1"]
[Date "2022.06.21"]
[WhiteClock "0:00:03"]
[BlackClock "0:00:17"]

1. e4 c5 2. Nf3 d6 3. d4 cxd4 4. Nxd4 Nf6 5. Nc3 a6 6. Be2 e6 7. O-O Be7 8. a4 O-O 9. Be3 Bd7 10. f4 Nc6 11. Kh1 Rc8 12. Nb3 Nb4 13. Bf3 Bc6 14. Qe2 d5 15. Rad1 Qc7 16. e5 Ne4 17. Bd4 Nxc3 18. bxc3 Bxa4 19. cxb4 Bb5 20. Qe3 Bxf1 21. Rxf1 Bxb4 22. f5 Qxc2 23. f6 Bc3 24. h3 Bxd4 25. Nxd4 Qg6 26. Be2 Kh8 27. Rf4 gxf6 28. Rxf6 Qg7 29. Bd3 Rg8 30. g4 Rc3 31. Qd2 Ra3 32. Kh2 Qg5 33. Qxg5 Rxg5 34. Bc2 Rxe5 35. Rxf7 Ree3 36. Rxh7+ Kg8 37. Rxb7 e5 38. Nf5 Re2+ 39. Kg1 Ra1+ 40. Bb1 Re1+ 41. Kf2 Rexb1 42. Re7 Rb3 43. Rxe5 Ra2+ 44. Re2 Rxe2+ 45. Kxe2 Kf7 46. h4 Kf6 47. h5 a5 48. Ne3 d4 49. Nd5+ Kg5 50. Nc7 Re3+ 51. Kd2 a4 52. Nb5 a3 53. Nxd4 a2 54. Nc2 Rb3 0-1


[Site "https://www.chess.com"]

[Event "Titled Tuesday Blitz June 21 Late 2022"]
[White "Melikyan, Gnel"]
[Black "Prydun, Andriy"]
[WhiteFideId "54109990"]
[BlackFideId "14145898"]
[WhiteElo "1772"]
[BlackElo "2063"]
[Result "0-1"]
[Round "01"]
[TimeControl "180+1"]
[Date "2022.06.22"]
[WhiteClock "0:00:17"]
[BlackClock "0:00:49"]

1. e4 e6 2. d4 d5 3. e5 c5 4. c3 Nc6 5. Nf3 Qb6 6. a3 cxd4 7. cxd4 Nge7 8. b4 Nf5 9. Bb2 Bd7 10. g4 Nfe7 11. Nc3 Na5 12. Na4 Qc6 13. bxa5 Qxa4 14. Qxa4 Bxa4 15. Rc1 Nc6 16. a6 bxa6 17. Bxa6 Rb8 18. Bc3 Bxa3 19. Ra1 Bb4 20. Bxb4 Rxb4 21. O-O O-O 22. Rfb1 Rfb8 23. Rxb4 Rxb4 24. Rc1 Rb6 25. Bd3 a5 26. Bc2 Bxc2 27. Rxc2 a4 28. Ra2 Ra6 29. Kf1 a3 30. Ke2 Nb4 31. Ra1 a2 32. Kd2 Rc6 33. Ne1 Rc4 34. Ke3 Rc2 35. Nd3 Rc3 0-1


[Site "https://www.chess.com"]

[Event "Titled Tuesday Blitz June 21 Late 2022"]
[White "Mickiewicz, Piotr"]
[Black "Babazada, Khazar"]
[WhiteFideId "1114891"]
[BlackFideId "13413554"]
[WhiteElo "2209"]
[BlackElo "2406"]
[Result "1-0"]
[Round "01"]
[TimeControl "180+1"]
[Date "2022.06.21"]
[WhiteClock "0:00:17"]
[BlackClock "0:00:08"]

1. e4 c5 2. Nf3 e6 3. d4 cxd4 4. Nxd4 Nc6 5. Nc3 a6 6. g3 h5 7. Bg2 h4 8. O-O hxg3 9. hxg3 Nge7 10. Nde2 Qa5 11. Nf4 b5 12. Re1 b4 13. Ncd5 d6 14. Ne3 Qc7 15. Nc4 Ng8 16. Be3 Rb8 17. Qd3 Ne5 18. Nxe5 dxe5 19. Rad1 Nf6 20. Ne2 Bd7 21. c4 Ng4 22. Nc1 Nxe3 23. Rxe3 Bc5 24. Rf3 f6 25. Nb3 Be7 26. Qd2 a5 27. Rd3 Bc6 28. c5 a4 29. Nc1 Kf7 30. Qc2 Rhd8 31. Rxd8 Rxd8 32. Rxd8 Qxd8 33. Nd3 Qd4 34. Qe2 Bb5 35. Nxe5+ Qxe5 36. Qxb5 Bxc5 37. Qe2 Qd4 38. b3 a3 39. Bf1 Qc3 40. Kg2 Qa1 41. Qc2 Be7 42. Qe2 Qb1 43. Qd2 Qb2 44. Qe2 Qd4 45. Qd3 Qc5 46. Qc4 Qe5 47. Be2 Qb2 48. Bh5+ g6 49. Bg4 Qe5 50. f4 Qd6 51. f5 gxf5 52. exf5 Kg7 53. fxe6 Qd2+ 54. Be2 Qxa2 55. Qg4+ Kf8 56. Qh5 Kg7 57. Qf7+ Kh6 58. Qh5+ Kg7 59. Qf7+ Kh6 60. Kf3 Qxb3+ 61. Kf2 Bc5+ 62. Kg2 Qd5+ 63. Bf3 Qd2+ 64. Kh3 Bg1 65. Qxf6+ Kh7 66. Be4+ Kg8 67. Qf7+ 1-0


[Site "https://www.chess.com"]

[Event "Titled Tuesday Blitz June 21 Late 2022"]
[White "Mikhailov, Viacheslav"]
[Black "Melaugh, Shane"]
[WhiteFideId "4187369"]
[BlackFideId "2509580"]
[WhiteElo "2381"]
[BlackElo "1972"]
[Result "1-0"]
[Round "01"]
[TimeControl "180+1"]
[Date "2022.06.22"]
[WhiteClock "0:01:35"]
[BlackClock "0:01:47"]

1. Nf3 f5 2. g3 Nf6 3. Bg2 d6 4. O-O e5 5. d3 Nc6 6. c4 Be7 7. Nc3 O-O 8. Bg5 Qe8 9. e3 Qh5 10. Bxf6 Bxf6 11. Nd5 Bd8 12. Nd2 Qxd1 13. Rfxd1 Ne7 14. b4 c6 15. Nxe7+ Bxe7 16. Rab1 Bd7 17. b5 Rab8 18. a4 Bd8 19. bxc6 Be6 20. Rxb7 Bb6 21. Nb3 a5 22. Rb1 f4 23. Nxa5 Rxb7 24. cxb7 Ba7 25. Nc6 Bb8 26. exf4 exf4 27. Bd5 Bxd5 28. cxd5 fxg3 29. hxg3 Kf7 30. a5 1-0


[Site "https://www.chess.com"]

[Event "Titled Tuesday Blitz June 21 Late 2022"]
[White "Mikhailovsky, Vladimir"]
[Black "Remolar Gallen, Jose"]
[WhiteFideId "34105414"]
[BlackFideId "2215187"]
[WhiteElo "2751"]
[BlackElo "2438"]
[Result "1-0"]
[Round "01"]
[TimeControl "180+1"]
[Date "2022.06.22"]
[WhiteClock "0:00:22"]
[BlackClock "0:00:28"]

1. e4 c5 2. Nf3 d6 3. d4 cxd4 4. Qxd4 Nc6 5. Bb5 a6 6. Bxc6+ bxc6 7. c4 e5 8. Qd3 Nf6 9. Nc3 Be7 10. Bg5 h6 11. Bxf6 Bxf6 12. O-O Be6 13. b3 O-O 14. Rad1 Be7 15. c5 dxc5 16. Nxe5 Qc7 17. Nc4 Rad8 18. Qe2 Rd4 19. Ne3 Rfd8 20. Qxa6 Bd6 21. g3 Bh3 22. Rfe1 Be5 23. Qe2 g6 24. Nc4 Rxd1 25. Nxd1 Bd4 26. Nde3 Re8 27. Nc2 Bc3 28. Rd1 Qe7 29. Qe3 Qxe4 30. Qxe4 Rxe4 31. Rd3 Bf6 32. f3 Re2 33. Rd2 Rxd2 34. Nxd2 Bf5 35. Ne4 Be7 36. Kf2 Bc8 37. Ne3 f5 38. Nc3 Bf6 39. Na4 Bd4 40. Ke2 Ba6+ 41. Nc4 Kf7 42. Kd3 Ke6 43. Nc3 h5 44. h4 Bf2 45. Ne2 Kd5 46. Nf4# 1-0


[Site "https://www.chess.com"]

[Event "Titled Tuesday Blitz June 21 Late 2022"]
[White "Muradli, Mahammad"]
[Black "Ozates, Tuna"]
[WhiteFideId "13409301"]
[BlackFideId "6354521"]
[WhiteElo "2611"]
[BlackElo "1887"]
[Result "1-0"]
[Round "01"]
[TimeControl "180+1"]
[Date "2022.06.21"]
[WhiteClock "0:00:28"]
[BlackClock "0:00:06"]

1. Nf3 c6 2. b3 d6 3. Bb2 e5 4. e4 Nf6 5. d3 g6 6. Nbd2 Bg7 7. g3 O-O 8. Bg2 Nh5 9. d4 exd4 10. Bxd4 Re8 11. Bxg7 Nxg7 12. O-O Bg4 13. Re1 Nd7 14. Nc4 Bxf3 15. Bxf3 Ne5 16. Be2 Nxc4 17. Bxc4 Ne6 18. h4 Qf6 19. Qxd6 Rad8 20. e5 Qf3 21. Qb4 c5 22. Qa5 b6 23. Qxa7 Rd2 24. Rf1 Nd4 25. Rae1 b5 26. Re3 Qf5 27. Bd3 Qh3 28. Qxc5 Ne6 29. Qb4 Rxd3 30. Rxd3 Rc8 31. c3 Rc5 32. Qe4 Kg7 33. Rfd1 g5 34. hxg5 Nxg5 35. Qd4 Ne6 36. Qh4 Qf5 37. Qf6+ Qxf6 38. exf6+ Kxf6 39. c4 bxc4 40. bxc4 Rxc4 41. a3 h5 42. Ra1 h4 43. gxh4 Rxh4 44. a4 Nf4 45. Re3 Rg4+ 46. Kh2 Rh4+ 47. Kg3 Kg5 48. Re5+ f5 49. Rxf5+ 1-0


[Site "https://www.chess.com"]

[Event "Titled Tuesday Blitz June 21 Late 2022"]
[White "Murzin, Volodar"]
[Black "Vivas Zamora, Fabian Ernesto"]
[WhiteFideId "44155573"]
[BlackFideId "3902480"]
[WhiteElo "2831"]
[BlackElo "2468"]
[Result "1-0"]
[Round "01"]
[TimeControl "180+1"]
[Date "2022.06.22"]
[WhiteClock "0:01:11"]
[BlackClock "0:01:25"]

1. e4 e5 2. Nf3 Nc6 3. Bb5 f5 4. Nc3 fxe4 5. Nxe4 Nf6 6. Qe2 d5 7. Nxf6+ gxf6 8. d4 Bg7 9. dxe5 O-O 10. e6 Ne5 11. O-O c5 12. Bf4 Nxf3+ 13. Qxf3 Bxe6 14. Rfe1 Qb6 15. Bd3 c4 16. Bf5 Bxf5 17. Qxd5+ Kh8 18. Qxf5 Qxb2 19. Rab1 Qc3 20. Re3 Qd4 21. Rh3 1-0


[Site "https://www.chess.com"]

[Event "Titled Tuesday Blitz June 21 Late 2022"]
[White "Nathan, Nitish"]
[Black "Romanchuk, Viktor"]
[WhiteFideId "30927870"]
[BlackFideId "14109271"]
[WhiteElo "2261"]
[BlackElo "2242"]
[Result "0-1"]
[Round "01"]
[TimeControl "180+1"]
[Date "2022.06.22"]
[WhiteClock "0:00:20"]
[BlackClock "0:00:58"]

1. d4 d5 2. Bf4 Nf6 3. e3 c5 4. c3 Nc6 5. Nd2 cxd4 6. exd4 Bf5 7. Qb3 Qc8 8. Ngf3 e6 9. Be2 Be7 10. O-O O-O 11. Ne5 Nxe5 12. Bxe5 Nd7 13. Bg3 Bd8 14. Nf3 Bc7 15. Bb5 Nf6 16. Ne5 Ne4 17. Qd1 Nxg3 18. hxg3 Bxe5 19. dxe5 Qc7 20. Qd4 Rfc8 21. Rfe1 Qc5 22. Qxc5 Rxc5 23. Be2 Kf8 24. g4 Bg6 25. f4 h6 26. Rad1 Rac8 27. Bd3 Bxd3 28. Rxd3 Rc4 29. g3 Ke7 30. Kg2 b5 31. a3 a5 32. f5 b4 33. axb4 axb4 34. Ra1 bxc3 35. bxc3 Rxc3 36. Rxc3 Rxc3 37. Ra7+ Kf8 38. Rd7 Re3 39. f6 Kg8 40. Rd8+ Kh7 41. Rf8 Kg6 42. Rg8 Rxe5 43. fxg7 Kh7 44. Rf8 Kxg7 45. Ra8 Re3 46. Rd8 Kf6 47. Rh8 Kg7 48. Rd8 Re5 49. Kf3 h5 50. gxh5 Rxh5 51. Kf4 Rf5+ 52. Ke3 Kf6 53. Rg8 Rg5 54. Rh8 Rxg3+ 55. Kf4 Rg6 56. Rh2 e5+ 57. Ke3 Rg3+ 58. Kf2 Ra3 59. Rh6+ Kf5 60. Rb6 f6 61. Rb4 d4 62. Rb5 Ke4 63. Ke2 Ra2+ 64. Ke1 f5 65. Rb3 f4 66. Rh3 f3 67. Kd1 f2 68. Rh1 Ra1+ 69. Ke2 Rxh1 70. Kxf2 Rh3 71. Ke2 Re3+ 72. Kd2 d3 73. Kd1 Re2 74. Kc1 Kd4 75. Kd1 e4 76. Kc1 e3 77. Kd1 Kc3 78. Kc1 Re1# 0-1


[Site "https://www.chess.com"]